[ PARTIDA AOE2 · #505753462 ]
UnrankedGodos vs Maya
Equipo del jugador · DERR
Equipo rival · VICT
[ ANÁLISIS DE REPETICIÓN · EXTRAÍDO DE LA PARTIDA GRABADA ]
Feudal
15:40
Castillos
19:10
Imperial
45:39
| APM promedio | 49.8 |
| APM pico | 97 |
| eAPM promedio | 26.8 |
| Aldeanos / militares | 190 / 152 |
Foco
⚔️ 28.1% · 🌾 71.9%
Huskarl ×147 · Mangonel ×5
Feudal
15:19
Castillos
19:14
Imperial
43:00
| APM promedio | 44.7 |
| APM pico | 129 |
| eAPM promedio | 23.0 |
| Aldeanos / militares | 91 / 191 |
Foco
⚔️ 52.7% · 🌾 47.3%
Plumed Archer ×147 · Battering Ram ×20 · Trebuchet (Packed) ×12 · Scorpion ×6 · Petard ×3 · Eagle Scout ×2
Mapa de la partida
Recursos iniciales + cada clic de construcción. Líneas = muros · curvas = relieve. ◆ oro · ⬟ piedra · ● bayas · ✦ reliquia · ◌ hueco del cierre
Tu base· ✓ Cerrada en 19:10 · 41t muro · sin puerta
Base de RD | El_Zapatero22· ✓ Cerrada en 19:14 · 26t muro · sin puerta
Terreno inicial suavizado · ◌ = hueco del cierre detectado · pasá el cursor para detalles
Inputs por minuto
— No soy Masche - - RD | El_Zapatero22
Build order — No soy Masche
Primeras 150 de 553 acciones detectadas
| 0:00 | Investigar | Loom |
| 0:01 | Encolar | Villager (Male) |
| 0:01 | Encolar | Villager (Male) |
| 0:02 | Encolar | Villager (Male) |
| 0:02 | Construir | House |
| 0:04 | Construir | House |
| 0:08 | Encolar | Villager (Male) |
| 0:38 | Construir | Palisade Wall |
| 1:52 | Encolar | Villager (Male) |
| 1:52 | Encolar | Villager (Male) |
| 2:28 | Encolar | Villager (Male) |
| 3:02 | Construir | Palisade Wall |
| 3:19 | Construir | House |
| 3:24 | Encolar | Villager (Male) |
| 3:24 | Encolar | Villager (Male) |
| 3:48 | Construir | Palisade Wall |
| 4:14 | Construir | Palisade Wall |
| 4:20 | Encolar | Villager (Male) |
| 4:36 | Construir | Palisade Wall |
| 4:47 | Encolar | Villager (Male) |
| 4:48 | Encolar | Villager (Male) |
| 5:23 | Construir | Palisade Wall |
| 5:24 | Construir | Palisade Wall |
| 5:25 | Construir | Palisade Wall |
| 5:28 | Construir | Palisade Wall |
| 5:31 | Construir | Palisade Wall |
| 5:40 | Encolar | Villager (Male) |
| 5:41 | Encolar | Villager (Male) |
| 5:55 | Construir | Palisade Wall |
| 6:15 | Encolar | Villager (Male) |
| 6:55 | Construir | Palisade Wall |
| 6:56 | Construir | Palisade Wall |
| 7:06 | Construir | Palisade Wall |
| 7:11 | Construir | Lumber Camp |
| 7:16 | Encolar | Villager (Male) |
| 7:33 | Construir | Palisade Wall |
| 7:34 | Construir | Palisade Wall |
| 7:38 | Encolar | Villager (Male) |
| 7:39 | Encolar | Villager (Male) |
| 7:39 | Encolar | Villager (Male) |
| 8:02 | Construir | House |
| 8:06 | Encolar | Villager (Male) |
| 8:07 | Encolar | Villager (Male) |
| 8:07 | Encolar | Villager (Male) |
| 8:10 | Construir | House |
| 8:47 | Encolar | Villager (Male) |
| 8:47 | Encolar | Villager (Male) |
| 9:11 | Construir | Palisade Wall |
| 9:15 | Encolar | Villager (Male) |
| 9:15 | Encolar | Villager (Male) |
| 9:37 | Construir | Mill |
| 9:57 | Encolar | Villager (Male) |
| 9:58 | Encolar | Villager (Male) |
| 9:58 | Encolar | Villager (Male) |
| 9:58 | Encolar | Villager (Male) |
| 9:58 | Encolar | Villager (Male) |
| 10:29 | Encolar | Villager (Male) |
| 10:29 | Encolar | Villager (Male) |
| 10:30 | Encolar | Villager (Male) |
| 10:56 | Encolar | Villager (Male) |
| 11:17 | Encolar | Villager (Male) |
| 11:17 | Encolar | Villager (Male) |
| 11:21 | Encolar | Villager (Male) |
| 11:29 | Construir | House |
| 11:39 | Encolar | Villager (Male) |
| 11:40 | Encolar | Villager (Male) |
| 11:40 | Encolar | Villager (Male) |
| 11:58 | Construir | House |
| 12:06 | Encolar | Villager (Male) |
| 12:24 | Construir | Mining Camp |
| 13:28 | Investigar | Feudal Age |
| 15:15 | Encolar | Villager (Male) |
| 15:15 | Encolar | Villager (Male) |
| 15:30 | Construir | Outpost |
| 15:40 | Edad | Edad Feudal |
| 15:41 | Construir | Market |
| 15:44 | Construir | Blacksmith |
| 16:05 | Construir | Outpost |
| 16:06 | Construir | Outpost |
| 16:09 | Construir | Outpost |
| 16:12 | Construir | Outpost |
| 16:30 | Investigar | Castle Age |
| 16:48 | Construir | Outpost |
| 16:53 | Construir | Outpost |
| 16:59 | Construir | Outpost |
| 17:06 | Construir | Mining Camp |
| 17:31 | Investigar | Town Watch |
| 17:32 | Investigar | Double-Bit Axe |
| 17:41 | Investigar | Horse Collar |
| 18:11 | Construir | Outpost |
| 18:15 | Construir | Farm |
| 18:17 | Construir | Farm |
| 19:10 | Edad | Edad de los Castillos |
| 19:12 | Encolar | Villager (Male) |
| 19:17 | Construir | Town Center |
| 19:41 | Encolar | Villager (Male) |
| 19:49 | Encolar | Villager (Male) |
| 20:05 | Construir | House |
| 20:08 | Construir | House |
| 20:14 | Construir | House |
| 20:16 | Encolar | Villager (Male) |
| 20:19 | Construir | Farm |
| 20:20 | Construir | Farm |
| 20:22 | Encolar | Villager (Male) |
| 20:25 | Construir | Farm |
| 20:28 | Investigar | Stone Mining |
| 20:29 | Investigar | Stone Mining |
| 20:41 | Investigar | Scale Mail Armor |
| 20:45 | Encolar | Villager (Male) |
| 20:50 | Construir | House |
| 20:56 | Construir | House |
| 21:06 | Encolar | Villager (Male) |
| 21:06 | Encolar | Villager (Male) |
| 21:25 | Construir | House |
| 21:30 | Encolar | Villager (Male) |
| 21:31 | Encolar | Villager (Male) |
| 21:31 | Encolar | Villager (Male) |
| 21:51 | Encolar | Villager (Male) |
| 21:54 | Construir | Farm |
| 22:08 | Encolar | Villager (Male) |
| 22:14 | Construir | Castle |
| 22:18 | Construir | House |
| 22:19 | Construir | House |
| 22:22 | Construir | House |
| 22:42 | Encolar | Villager (Male) |
| 22:58 | Construir | Farm |
| 23:00 | Construir | Farm |
| 23:01 | Construir | Farm |
| 23:15 | Encolar | Huskarl |
| 23:20 | Encolar | Villager (Male) |
| 23:32 | Encolar | Villager (Male) |
| 23:32 | Encolar | Villager (Male) |
| 23:35 | Encolar | Villager (Male) |
| 23:36 | Encolar | Villager (Male) |
| 23:39 | Construir | Farm |
| 23:43 | Construir | Farm |
| 23:44 | Construir | Farm |
| 23:44 | Construir | Farm |
| 24:01 | Construir | Farm |
| 24:02 | Encolar | Villager (Male) |
| 24:02 | Encolar | Villager (Male) |
| 24:18 | Construir | Farm |
| 24:38 | Construir | House |
| 24:39 | Construir | House |
| 24:43 | Construir | House |
| 24:44 | Construir | House |
| 24:46 | Encolar | Villager (Male) |
| 24:46 | Encolar | Villager (Male) |
| 24:47 | Encolar | Villager (Male) |
| 24:47 | Encolar | Villager (Male) |
Build order — RD | El_Zapatero22
Primeras 150 de 359 acciones detectadas
| 0:00 | Investigar | Loom |
| 0:01 | Encolar | Villager (Male) ×3 |
| 0:02 | Construir | House |
| 0:25 | Construir | House |
| 1:50 | Encolar | Villager (Male) |
| 2:27 | Encolar | Villager (Male) |
| 2:28 | Encolar | Villager (Male) |
| 3:06 | Encolar | Villager (Male) |
| 3:07 | Encolar | Villager (Male) |
| 3:34 | Encolar | Villager (Male) |
| 3:35 | Encolar | Villager (Male) |
| 3:58 | Construir | Palisade Wall |
| 3:59 | Construir | Palisade Wall |
| 4:03 | Construir | Palisade Wall |
| 4:05 | Construir | Palisade Wall |
| 4:28 | Construir | Palisade Wall |
| 4:31 | Construir | Palisade Wall |
| 4:37 | Encolar | Villager (Male) |
| 5:32 | Construir | Palisade Wall |
| 5:35 | Construir | Palisade Wall |
| 5:47 | Encolar | Villager (Male) |
| 5:48 | Encolar | Villager (Male) |
| 6:13 | Construir | Lumber Camp |
| 6:28 | Encolar | Villager (Male) |
| 6:28 | Encolar | Villager (Male) |
| 6:57 | Construir | House |
| 7:04 | Encolar | Villager (Male) |
| 7:04 | Encolar | Villager (Male) |
| 7:36 | Encolar | Villager (Male) |
| 7:36 | Encolar | Villager (Male) |
| 8:06 | Construir | House |
| 8:09 | Encolar | Villager (Male) |
| 8:09 | Encolar | Villager (Male) |
| 8:23 | Encolar | Villager (Male) |
| 8:46 | Encolar | Villager (Male) |
| 9:12 | Construir | Palisade Wall |
| 9:13 | Construir | Palisade Wall |
| 9:18 | Construir | Palisade Wall |
| 9:26 | Encolar | Villager (Male) |
| 9:34 | Construir | Palisade Wall |
| 9:41 | Construir | House |
| 9:46 | Encolar | Villager (Male) |
| 9:49 | Construir | House |
| 10:20 | Encolar | Villager (Male) |
| 10:25 | Construir | Mill |
| 10:30 | Construir | Palisade Wall |
| 10:41 | Encolar | Villager (Male) |
| 10:52 | Construir | Mill |
| 10:58 | Construir | Mining Camp |
| 11:09 | Encolar | Villager (Male) |
| 11:14 | Construir | Mining Camp |
| 11:24 | Encolar | Villager (Male) |
| 11:35 | Construir | Palisade Wall |
| 12:03 | Encolar | Villager (Male) |
| 12:05 | Construir | House |
| 12:26 | Construir | Outpost |
| 12:31 | Encolar | Villager (Male) |
| 12:50 | Encolar | Villager (Male) |
| 13:09 | Investigar | Feudal Age |
| 13:09 | Investigar | Feudal Age |
| 13:09 | Investigar | Feudal Age |
| 13:31 | Construir | House |
| 15:04 | Encolar | Villager (Male) |
| 15:04 | Encolar | Villager (Male) |
| 15:19 | Edad | Edad Feudal |
| 15:22 | Construir | Market |
| 15:24 | Construir | Blacksmith |
| 15:43 | Encolar | Villager (Male) |
| 16:28 | Investigar | Castle Age |
| 16:43 | Investigar | Double-Bit Axe |
| 17:01 | Construir | Lumber Camp |
| 17:20 | Investigar | Fletching |
| 18:33 | Investigar | Gold Mining |
| 19:14 | Edad | Edad de los Castillos |
| 19:18 | Construir | Castle |
| 19:24 | Construir | Palisade Wall |
| 19:32 | Encolar | Villager (Male) |
| 19:35 | Investigar | Bodkin Arrow |
| 19:54 | Construir | Lumber Camp |
| 19:56 | Encolar | Villager (Male) |
| 20:24 | Encolar | Plumed Archer |
| 20:24 | Encolar | Plumed Archer |
| 20:25 | Encolar | Plumed Archer |
| 20:25 | Encolar | Plumed Archer |
| 20:30 | Encolar | Villager (Male) |
| 20:43 | Encolar | Villager (Male) |
| 21:02 | Encolar | Plumed Archer |
| 21:15 | Encolar | Petard |
| 21:16 | Encolar | Petard |
| 21:38 | Encolar | Villager (Male) |
| 21:45 | Encolar | Villager (Male) |
| 21:53 | Construir | Farm |
| 21:55 | Construir | Farm |
| 21:56 | Construir | Farm |
| 22:05 | Encolar | Plumed Archer |
| 22:40 | Encolar | Plumed Archer |
| 22:45 | Encolar | Villager (Male) |
| 22:48 | Encolar | Plumed Archer |
| 22:57 | Construir | Siege Workshop |
| 23:10 | Encolar | Plumed Archer |
| 23:11 | Encolar | Villager (Male) |
| 23:36 | Encolar | Battering Ram |
| 23:40 | Encolar | Villager (Male) |
| 23:41 | Encolar | Plumed Archer |
| 23:58 | Encolar | Plumed Archer |
| 24:13 | Construir | Farm |
| 24:17 | Encolar | Villager (Male) |
| 24:19 | Construir | Farm |
| 24:49 | Encolar | Petard |
| 24:54 | Encolar | Villager (Male) |
| 24:55 | Encolar | Plumed Archer |
| 24:55 | Encolar | Plumed Archer |
| 25:08 | Encolar | Plumed Archer |
| 25:12 | Encolar | Villager (Male) |
| 25:56 | Construir | House |
| 25:58 | Encolar | Plumed Archer |
| 26:27 | Encolar | Plumed Archer |
| 26:28 | Encolar | Villager (Male) |
| 26:42 | Construir | Castle |
| 26:51 | Encolar | Villager (Male) |
| 26:56 | Encolar | Plumed Archer |
| 27:05 | Encolar | Battering Ram |
| 27:10 | Encolar | Villager (Male) |
| 27:17 | Construir | Siege Workshop |
| 27:19 | Encolar | Plumed Archer |
| 27:19 | Encolar | Plumed Archer |
| 27:24 | Construir | House |
| 27:26 | Construir | House |
| 27:44 | Construir | Siege Workshop |
| 27:51 | Encolar | Battering Ram |
| 28:09 | Encolar | Villager (Male) |
| 28:10 | Encolar | Battering Ram |
| 28:11 | Encolar | Battering Ram |
| 28:11 | Encolar | Battering Ram |
| 28:18 | Encolar | Villager (Male) |
| 28:19 | Encolar | Plumed Archer |
| 28:28 | Encolar | Plumed Archer |
| 28:29 | Encolar | Plumed Archer |
| 28:33 | Encolar | Battering Ram |
| 28:34 | Encolar | Battering Ram |
| 28:43 | Encolar | Battering Ram |
| 28:44 | Encolar | Battering Ram |
| 28:54 | Construir | Farm |
| 28:59 | Encolar | Battering Ram |
| 29:00 | Encolar | Battering Ram |
| 29:08 | Encolar | Villager (Male) |
| 29:21 | Encolar | Plumed Archer |
| 29:22 | Encolar | Plumed Archer |
| 29:37 | Encolar | Villager (Male) |
| 29:41 | Encolar | Battering Ram |
Cronología de la partida
| 0:38 | No soy Masche · wall_segment Palisade Wall x10 |
| 3:02 | No soy Masche · wall_segment Palisade Wall x1 |
| 3:48 | No soy Masche · wall_segment Palisade Wall x11 |
| 3:58 | RD | El_Zapatero22 · wall_segment Palisade Wall x1 |
| 3:59 | RD | El_Zapatero22 · wall_segment Palisade Wall x1 |
| 4:03 | RD | El_Zapatero22 · wall_segment Palisade Wall x1 |
| 4:05 | RD | El_Zapatero22 · wall_segment Palisade Wall x1 |
| 4:14 | No soy Masche · wall_segment Palisade Wall x1 |
| 4:28 | RD | El_Zapatero22 · wall_segment Palisade Wall x8 |
| 4:31 | RD | El_Zapatero22 · wall_segment Palisade Wall x1 |
| 4:36 | No soy Masche · wall_segment Palisade Wall x2 |
| 5:23 | No soy Masche · wall_segment Palisade Wall x1 |
| 5:24 | No soy Masche · wall_segment Palisade Wall x1 |
| 5:25 | No soy Masche · wall_segment Palisade Wall x1 |
| 5:28 | No soy Masche · wall_segment Palisade Wall x1 |
| 5:31 | No soy Masche · wall_segment Palisade Wall x1 |
| 5:32 | RD | El_Zapatero22 · wall_segment Palisade Wall x1 |
| 5:35 | RD | El_Zapatero22 · wall_segment Palisade Wall x1 |
| 5:55 | No soy Masche · wall_segment Palisade Wall x1 |
| 6:55 | No soy Masche · wall_segment Palisade Wall x1 |
| 6:56 | No soy Masche · wall_segment Palisade Wall x1 |
| 7:06 | No soy Masche · wall_segment Palisade Wall x1 |
| 7:33 | No soy Masche · wall_segment Palisade Wall x1 |
| 7:34 | No soy Masche · wall_segment Palisade Wall x7 |
| 9:11 | No soy Masche · wall_segment Palisade Wall x1 |
| 9:12 | RD | El_Zapatero22 · wall_segment Palisade Wall x1 |
| 9:13 | RD | El_Zapatero22 · wall_segment Palisade Wall x1 |
| 9:18 | RD | El_Zapatero22 · wall_segment Palisade Wall x1 |
| 9:34 | RD | El_Zapatero22 · wall_segment Palisade Wall x1 |
| 10:30 | RD | El_Zapatero22 · wall_segment Palisade Wall x8 |
| 11:35 | RD | El_Zapatero22 · wall_segment Palisade Wall x2 |
| 15:19 | RD | El_Zapatero22 · age_up feudal |
| 15:40 | No soy Masche · age_up feudal |
| 19:03 | No soy Masche · first_market_buy 100 wood |
| 19:10 | No soy Masche · age_up castle |
| 19:14 | RD | El_Zapatero22 · age_up castle |
| 19:18 | RD | El_Zapatero22 · first_building Castle |
| 19:24 | No soy Masche · first_market_sell 100 food |
| 19:24 | RD | El_Zapatero22 · wall_segment Palisade Wall x1 |
| 22:14 | No soy Masche · first_building Castle |
| 22:57 | RD | El_Zapatero22 · first_building Siege Workshop |
| 23:35 | RD | El_Zapatero22 · first_market_buy 100 wood |
| 25:16 | No soy Masche · first_building Siege Workshop |
| 28:37 | RD | El_Zapatero22 · first_market_sell 100 food |
| 31:49 | No soy Masche · first_building Barracks |
| 32:48 | No soy Masche · wall_segment Palisade Wall x1 |
| 34:03 | RD | El_Zapatero22 · first_building Barracks |
| 43:00 | RD | El_Zapatero22 · age_up imperial |
| 45:39 | No soy Masche · age_up imperial |
| 48:42 | RD | El_Zapatero22 · first_building Archery Range |
| 55:49 | No soy Masche · resign |
[ ANÁLISIS IA · 1 CRÉDITO ]
¿Qué pasó realmente en esta partida?
Wolo.gg analiza cada decisión: build order, eco, micro, errores típicos por bracket. Análisis personalizado por WhatsApp o Discord en 30 segundos.
Guía civ
Godos
Perfil
Jugador #2716438